Map: Ephemeron LE

Players

ViBE - Winner!

  • Race: Zerg Zerg
  • League: Gold
  • Spawn Location: 5:00

SteadyDoesit

  • Race: Protoss Protoss
  • League: Gold
  • Spawn Location: 11:00

VOD

Have the link to the VOD?

Description

Time

  • Played on: Dec. 7, 2019, 9:23 p.m.
  • Length: 9:46
Show
View Real Time Build Order
Export as new Build Order

ViBE Zerg - Winner!

Build Orders: Hatch First 

Get SALT Encoding   

  12  0:02  Drone  
  13  0:13  Overlord  
  14  0:21  Drone  
  14  0:31  Drone x2  
  16  0:51  Hatchery  
  16  0:55  Drone  
  16  1:00  Drone  
  17  1:04  Drone  
  17  1:07  Drone  
  19  1:21  Drone  
  20  1:33  Spawning Pool  
  20  1:48  Hatchery  
  20  1:50  Drone  
  20  1:51  Drone x2  
  22  1:59  Hatchery  
  21  2:06  Drone  
  22  2:11  Extractor  
  21  2:19  Overlord  
  21  2:31  Overlord  
  21  2:37  Queen  
  23  2:46  Drone x2  
  25  2:55  Extractor  
  24  3:00  Queen  
  24  3:01  Drone  
  27  3:09  Overlord  
  27  3:16  Lair  
  27  3:17  Queen  
  29  3:20  Drone  
  29  3:21  Roach Warren  
  29  3:22  Drone x2  
  29  3:25  Drone  
  32  3:34  Drone x2  
  33  3:40  Drone  
  35  3:44  Overlord  
  35  3:52  Drone x2  
  37  4:07  Drone x4  
  41  4:15  Spire  
  40  4:23  Drone x2  
  42  4:26  Drone  
  42  4:27  Drone x4  
  47  4:37  Overlord  
  47  4:38  Overlord  
  44  4:46  Drone x5  
  47  5:02  Hatchery  
  44  5:17  Spawning Pool  
  44  5:19  Drone x5, Extractor  
  44  5:20  Extractor  
  46  5:27  Extractor  
  46  5:28  Extractor  
  43  5:30  Mutalisk  
  45  5:54  Mutalisk x2  
  49  6:00  Drone  
  49  6:01  Drone x2  
  49  6:02  Drone  
  49  6:03  Drone  
  54  6:06  Mutalisk  
  54  6:08  Mutalisk  
  54  6:11  Zergling x10  
  63  6:27  Drone x4  
  63  6:29  Queen  
  69  6:37  Drone x7  
  76  6:44  Hatchery  
  75  6:49  Overlord  
  75  6:50  Overlord x2  
  75  6:54  Drone  
  76  7:10  Lair  
  76  7:13  Evolution Chamber  
  76  7:14  Drone x2  
  76  7:15  Evolution Chamber  
  76  7:16  Drone x3  
  76  7:17  Drone x4  
  83  7:28  Drone  
  84  7:32  Extractor  
  84  7:33  Extractor  
  82  7:41  Drone x9  
  91  7:48  Hatchery  
  90  7:51  Zerg Ground Armor Level 1, Zerg Missile Weapons Level 1  
  90  7:55  Overlord x5  
  90  7:57  Drone x3  
  93  8:10  Drone  
  93  8:12  Hydralisk Den  
  93  8:23  Drone x9  
  93  8:24  Drone  
  103  8:39  Overlord x2  
  103  8:40  Hydralisk x10  
  123  8:47  Hydralisk  
  123  8:48  Hydralisk x2  
  124  8:51  Spore Crawler, Hatchery  
  124  8:53  Spore Crawler  
  121  8:56  Spore Crawler  
  121  8:58  Spore Crawler  
  121  8:59  Extractor x2  
  121  9:00  Drone x5  
  118  9:05  Drone x2  
  117  9:12  Drone x5  
  124  9:27  Drone x7  
Show
View Real Time Build Order
Export as new Build Order

SteadyDoesit Protoss 

Build Orders:  

Get SALT Encoding   

  12  0:12  Pylon  
  12  0:15  Probe  
  13  0:31  Forge  
  13  0:47  Gateway  
  13  0:59  Probe (Chrono Boost)  
  13  1:02  Assimilator  
  14  1:09  Probe (Chrono Boost)  
  14  1:11  Pylon  
  15  1:15  Probe  
  16  1:30  Photon Cannon  
  16  1:31  Probe  
  17  1:49  Pylon  
  17  1:59  Probe  
  18  2:02  Assimilator  
  18  2:14  Photon Cannon  
  18  2:19  Cybernetics Core  
  18  2:24  Photon Cannon  
  18  2:28  Probe (Chrono Boost)  
  19  2:39  Probe (Chrono Boost)  
  20  2:44  Probe (Chrono Boost)  
  21  2:55  Probe  
  21  2:58  Photon Cannon  
  22  3:09  Robotics Facility  
  22  3:20  Shield Battery  
  22  3:31  Shield Battery  
  22  3:32  Probe  
  23  3:43  Pylon  
  23  3:54  Immortal (Chrono Boost)  
  27  4:06  Photon Cannon  
  27  4:24  Immortal (Chrono Boost)  
  31  4:45  Pylon  
  31  4:49  Nexus  
  31  4:53  Pylon  
  31  5:15  Photon Cannon  
  31  5:25  Stargate  
  31  5:27  Warp Prism (Chrono Boost)  
  33  5:52  Probe, Warp Gate (Chrono Boost)  
  34  5:57  Gateway  
  34  5:59  Stargate  
  34  6:16  Probe (Chrono Boost)  
  35  6:22  Phoenix  
  38  6:25  Probe (Chrono Boost)  
  38  6:30  Probe (Chrono Boost)  
  39  6:36  Stalker  
  31  6:44  Pylon  
  31  6:53  Phoenix  
  33  6:55  Photon Cannon  
  33  6:58  Phoenix  
  35  7:04  Stalker  
  37  7:21  Phoenix  
  39  7:26  Probe  
  39  7:28  Probe, Photon Cannon  
  41  7:37  Pylon  
  41  7:48  Probe  
  41  7:50  Probe  
  45  7:51  Phoenix (Chrono Boost)  
  45  7:56  Phoenix (Chrono Boost)  
  47  8:09  Shield Battery  
  47  8:12  Photon Cannon  
  47  8:17  Pylon  
  47  8:30  Phoenix  
  47  8:31  Phoenix  
  51  8:34  Probe x2  
  53  8:45  Shield Battery  
  53  8:46  Probe  
  54  8:59  Phoenix x2  
  58  9:11  Adept x2  
  62  9:17  Probe  
Tags
 
Add a new tag
Caveats
  • Supply blocks, unpowered buildings, or Contaminate may cause inaccurate times.
  • Supply counts are checked every 10 seconds.